 Dungeon Crawl Stone Soup version 0.29.1-1-gd02db6906a (webtiles) character file.

Game seed: 10858374063501330734

135 EvilAshe the Chopper (level 4, -1/39 HPs)
             Began as a Minotaur Abyssal Knight on Sept 24, 2022.
             Was a Priest of Lugonu.
             Slain by a gnoll
             ... wielding a +0 spear
              (4 damage)
             ... on level 3 of the Dungeon.
             The game lasted 00:05:38 (2747 turns).

EvilAshe the Chopper (Minotaur Abyssal Knight)      Turns: 2747, Time: 00:05:38

Health: -1/39      AC:  3    Str: 19    XL:     4   Next: 97%
Magic:  1/5        EV: 11    Int:  7    God:    Lugonu [***...]
Gold:   36         SH:  0    Dex: 11    Spells: 3/3 levels left

rFire   . . .      SeeInvis .   a - +1 hand axe
rCold   . . .      Faith    .   (no shield)
rNeg    + . .      Spirit   .   b - +0 leather armour
rPois   .          Reflect  .   (helmet restricted)
rElec   .          Harm     .   (no cloak)
rCorr   .          Rampage  .   (no gloves)
Will    .....                   (no boots)
Stlth   +.........              (no amulet)
HPRegen 0.13/turn               f - ring of positive energy
MPRegen 0.09/turn               (no ring)

@: no status effects
A: horns 2, retaliatory headbutt
a: Renounce Religion, Depart the Abyss, Bend Space, Banish


You were on level 3 of the Dungeon.
You worshipped Lugonu.
Lugonu was most pleased with you.
You visited 1 branch of the dungeon, and saw 4 of its levels.
You visited the Abyss 1 time.

You collected 69 gold pieces.
You spent 33 gold pieces at shops.

Inventory:

Hand Weapons
 a - a +1 hand axe (weapon)
Missiles
 c - 36 stones (quivered)
Armour
 b - a +0 leather armour (worn)
Jewellery
 f - a ring of positive energy (left hand)
Scrolls
 d - a scroll of enchant weapon {unknown}
 o - 4 scrolls of teleportation
Potions
 e - 6 potions of curing
 h - a potion of degeneration {unknown}
 i - 2 potions of mutation {unknown}
 j - 2 potions of might {unknown}
 l - a potion of heal wounds {unknown}
 m - a potion of resistance {unknown}
 n - a potion of invisibility {unknown}
 p - 2 potions of berserk rage {unknown}


   Skills:
 - Level 3.6 Fighting
 * Level 4.8 Axes
 + Level 3.7 Armour
 - Level 1.1 Dodging
 + Level 2.9 Invocations


You had 3 spell levels left.
You didn't know any spells.
Your spell library contained the following spells:

 Spells                   Type           Power      Damage    Failure   Level
 Blink                    Tloc           0%         N/A       63%         2
 Lesser Beckoning         Tloc           0%         N/A       85%         3
 Manifold Assault         Tloc           0%         N/A       100%        5


Dungeon Overview and Level Annotations

Branches:
Dungeon (4/15)
 Temple: D:4-7

Altars:

Shops:
D:3 ?


Innate Abilities, Weirdness & Mutations

You have a pair of horns on your head.
You reflexively headbutt those who attack you in melee.


Message History

You climb upwards.
There is a stone staircase leading down here.
You hit the gnoll.
The gnoll is moderately wounded.
The gnoll hits you with a +0 spear!
You are too injured to fight recklessly!
You are too injured to fight recklessly!
You are too injured to fight recklessly!
You closely miss the gnoll.
The gnoll is moderately wounded.
The gnoll hits you with a +0 spear.
You closely miss the gnoll. You headbutt the gnoll.
The gnoll is heavily wounded.
The gnoll hits you with a +0 spear.
You hit the gnoll. Your headbutt misses the gnoll.
The gnoll is severely wounded.
The gnoll hits you with a +0 spear. x2
You barely miss the gnoll.
The gnoll is severely wounded.
The gnoll closely misses you.
You completely miss the gnoll. Your headbutt misses the gnoll.
The gnoll is severely wounded.
The gnoll hits you with a +0 spear!
* * * LOW HITPOINT WARNING * * *
You completely miss the gnoll.
The gnoll is severely wounded.
The gnoll hits you with a +0 spear.
* * * LOW HITPOINT WARNING * * *
You hit the gnoll but do no damage.
The gnoll is severely wounded.
The gnoll hits you with a +0 spear.
* * * LOW HITPOINT WARNING * * *
Press: ? - help, Shift-Dir - straight line, f - gnoll
Aim: a gnoll, wielding a +0 spear (severely wounded, chance to affect: 86%)
You fail to use your ability.
The gnoll misses you. You furiously retaliate!
You headbutt the gnoll, but do no damage.
Press: ? - help, Shift-Dir - straight line, f/p - gnoll
Aim: a gnoll, wielding a +0 spear (severely wounded, chance to affect: 86%)
The gnoll barely resists.
The gnoll hits you with a +0 spear.
You die...

...#.## ##..### ###...#....
......###..## ####....######
.....)##..## #####....#.##
####)....## #........#.#
#.##..#######........#.# ##
#.###................#.#
.###..#..######.........#.#
..##.........##<.###..###.#
#........###.###@g..#.# #.#
####.#...# #...####...# #.####
#..#..#####........# #.>..##
##.....#########...######..#
##.......#### ##......###.###
#..#.......#####...#..)....[
##.##...........##...........
##..##......####.##.##........
# ##..###......#
#.##.##........


You could see a gnoll.

Vanquished Creatures
  7 adders
  3 dart slugs
  An orc (D:4)
  7 ball pythons
  9 endoplasms
  3 giant cockroaches (D:2)
  4 goblins
  3 hobgoblins
  4 jackals (D:3)
  2 quokkas (D:1)
  6 bats
  2 frilled lizards
  5 kobolds
  5 rats
61 creatures vanquished.

Notes
Turn   | Place    | Note
-------+----------+-------------------------------------------
     0 | Abyss:1  | EvilAshe the Minotaur Abyssal Knight began the quest for
                  | the Orb.
     0 | Abyss:1  | Reached XP level 1. HP: 19/19 MP: 1/1
     1 | D:1      | Escaped the Abyss
   117 | D:1      | Reached skill level 3 in Axes
   117 | D:1      | Reached XP level 2. HP: 23/26 MP: 2/2
   651 | D:1      | You fall into a shaft and drop 1 floor!
   944 | D:2      | Reached XP level 3. HP: 13/31 MP: 3/3
  1377 | D:2      | Reached *** piety under Lugonu
  1393 | D:2      | Reached skill level 4 in Axes
  1535 | D:2      | Reached XP level 4. HP: 38/39 MP: 4/4
  2425 | D:3      | Found Terpho Lyull's Magic Scroll Emporium.
  2428 | D:3      | Bought a scroll of teleportation for 33 gold pieces
  2747 | D:3      | Slain by a gnoll

Illustrated notes

Levels and vault maps discovered:
D:1:      minmay_arrival_semitransparent, layout_loops_ring, st_stairs_8
D:2:      minmay_wonky_spiral, layout_rooms
D:3:      layout_rooms, serial_shops, nicolae_shop_behind_doors
D:4:      layout_loops_cross, lightli_temple_of_fire, serial_shops,
          nicolae_square_shop, minmay_ogre_servants, uniq_menkaure

Skill      XL: |  1  2  3 |
---------------+----------+-----
Invocations    | 2 |  2.9
Axes           | 3 4 |  4.8
Armour         | 3 |  3.7
Fighting       | |  3.6
Dodging        | |  1.1

Action                   |  1- 3 |  4- 6 || total
-------------------------+-------+-------++-------
Melee: Hand axe          |    75 |    65 ||   140
       Punch             |     1 |       ||     1
       Headbutt          |     9 |    12 ||    21
Throw: Stone             |     1 |     3 ||     4
Invok: Banish            |       |     1 ||     1
  Use: Scroll            |       |     3 ||     3
Armor: Leather armour    |    27 |    15 ||    42
Dodge: Dodged            |    44 |    33 ||    77
